 Dungeon Crawl Stone Soup version 0.27.1-4-g1640c2035a (webtiles) character file.

Game seed: 8182985070941091136

99 zeram the Sneak (level 5, -9/30 HPs)
             Began as a Kobold Brigand on Nov 12, 2021.
             Killed from afar by an orc wizard (10 damage)
             ... with a puff of flame
             ... on level 4 of the Dungeon.
             The game lasted 00:02:15 (1758 turns).

zeram the Sneak (Kobold Brigand)                    Turns: 1758, Time: 00:02:15

Health: -9/30      AC:  3    Str:  8    XL:     5   Next: 2%
Magic:  5/5        EV: 14    Int: 14    God:
Gold:   67         SH:  0    Dex: 16    Spells: 4/4 levels left

rFire    . . .     SeeInvis .   a - +2 dagger
rCold    . . .     Faith    .   (shield restricted)
rNeg     . . .     Spirit   .   b - +0 robe
rPois    .         Reflect  .   (no helmet)
rElec    .         Harm     .   c - +0 cloak
rCorr    .         Rampage  .   (no gloves)
Will     .....                  (no boots)
Stlth    +++.......             (no amulet)
HPRegen  0.10/turn              (no ring)
MPRegen  0.09/turn              (no ring)

@: confused
A: small, no large weapons, nightstalker 3
a: no special abilities


You were on level 4 of the Dungeon.
You visited 1 branch of the dungeon, and saw 3 of its levels.

You collected 67 gold pieces.

Inventory:

Hand Weapons
 a - a +2 dagger (weapon)
Missiles
 d - 8 poisoned darts (quivered)
 e - 2 curare-tipped darts
Armour
 b - a +0 robe (worn)
 c - a +0 cloak (worn)
Jewellery
 h - a ring of ice
Scrolls
 f - a scroll of fear
Potions
 g - a potion of brilliance
 j - a potion of attraction {unknown}
 k - a potion of flight {unknown}


   Skills:
 - Level 2.1 Fighting
 + Level 4.1 Short Blades
 - Level 2.1 Throwing
 + Level 1.5 Dodging
 + Level 7.4 Stealth


You had 4 spell levels left.
You didn't know any spells.
Your spell library contained the following spells:

 Spells                   Type           Power      Damage    Failure   Level
 Sublimation of Blood     Necr           0%         N/A       41%         2
 Conjure Flame            Conj/Fire      0%         6-21      65%         3
 Ignite Poison            Fire/Tmut/Pois 0%         N/A       65%         3
 Petrify                  Tmut/Erth      0%         N/A       96%         4
 Sticky Flame             Conj/Fire      0%         2d3       96%         4
 Irradiate                Conj/Tmut      0%         3d14      100%        5


Dungeon Overview and Level Annotations

Branches:
Dungeon (2/15)

Altars:


Innate Abilities, Weirdness & Mutations

You are small and have problems with some larger weapons.
You are completely attuned to the shadows.


Message History

a +0 club; a +0 leather armour 2 gnolls come into view.
An orc and an orc wizard come into view.
The gnoll shouts!
You hear a shout!
The orc shouts! x2
A gnoll comes into view. It is wielding a +0 flail. x2
The orc completely misses you.
The gnoll shouts!
The orc wizard shouts!
There is an open door here.
You open the door. The gnoll hits you with a +0 flail!
There is an open door here.
As you read the scroll labelled YJYEVA JEDYICK, it crumbles to dust.
A profound silence engulfs you.
It was a scroll of silence.
The gnoll hits you with a +0 flail!
* * * LOW HITPOINT WARNING * * *
A kobold comes into view. It is wielding a +0 whip.
The helpless kobold fails to defend itself.
You stick the kobold like a pincushion!!!
You kill the kobold!
The gnoll closely misses you.
You see here a +0 whip.
Magic scrolls do not work when you're silenced!
Unknown command.
The orc barely misses you. The orc barely misses you.
The orc wizard gestures wildly while chanting.
The orc wizard flickers and vanishes!
Deactivating autopickup; reactivate with Ctrl-A.
The orc misses you.
You see here a +0 whip.
An orc opens the large door.
You are confused.
You're too confused to move!
The orc hits you with a +0 dagger.
* * * LOW HITPOINT WARNING * * *
The gnoll hits you with a +0 flail.
* * * LOW HITPOINT WARNING * * *
Your hearing returns.
You hear some strange, mumbled words.
A puff of flame appears from out of thin air!
The puff of flame hits you!
You die...

#........#
#........#
#########........#
#.................
#................#
#.............##.
#.........{....#
#.........go...#.#
#########@o.......
#.#.).#..# #.#...#
.# #.#...# #
#.#...# #...#
#...# #...# #####


You could see a gnoll and 2 orcs.

Vanquished Creatures
  A gnoll shaman (D:4)
  An iguana (D:4)
  An adder skeleton (D:2)
  5 dart slugs (D:1)
  2 bats
  4 endoplasms
  A giant cockroach (D:1)
  A goblin (D:2)
  A hobgoblin (D:1)
  2 jackals (D:2)
  A quokka (D:1)
  4 ball pythons
  2 frilled lizards (D:1)
  3 kobolds
  4 rats
33 creatures vanquished.

Notes
Turn   | Place    | Note
-------+----------+-------------------------------------------
     0 | D:1      | zeram the Kobold Brigand began the quest for the Orb.
     0 | D:1      | Reached XP level 1. HP: 12/12 MP: 1/1
   139 | D:1      | Reached XP level 2. HP: 17/17 MP: 2/2
   212 | D:1      | Reached skill level 6 in Stealth
   472 | D:1      | Reached XP level 3. HP: 21/21 MP: 3/3
   485 | D:1      | Found a faded altar of an unknown god.
  1685 | D:2      | You fall into a shaft and drop 2 floors!
  1707 | D:4      | Reached skill level 7 in Stealth
  1707 | D:4      | Reached XP level 4. HP: 26/26 MP: 4/4
  1720 | D:4      | Reached XP level 5. HP: 20/30 MP: 5/5
  1757 | D:4      | HP: 1/30 [gnoll (2)]
  1758 | D:4      | Killed from afar by an orc wizard

Illustrated notes

Levels and vault maps discovered:
D:1:      nzn_arrival_water_spiral, layout_loops_ring,
          ebering_ecumenical_altar_petrified, minmay_misc_feat_columns
D:2:      layout_basic, hangedman_abyss_or_decor_stabs,
          minmay_misc_feat_enclosed
D:4:      layout_basic, mainiacjoe_overflow_24_doors, gammafunk_ghost_split

Skill      XL: |  1  2  3  4 |
---------------+-------------+-----
Stealth        | 6 7 |  7.4
Short Blades   | 3 4 |  4.1
Fighting       | |  2.1
Throwing       | |  2.1
Dodging        | |  1.5

Action                   |  1- 3 |  4- 6 || total
-------------------------+-------+-------++-------
Melee: Dagger            |    67 |     6 ||    73
  Use: Scroll            |     4 |     1 ||     5
 Stab: Sleeping          |    18 |     1 ||    19
       Distracted        |       |     1 ||     1
Armor: Robe              |    12 |       ||    12
Dodge: Dodged            |    40 |     6 ||    46
